 Dungeon Crawl Stone Soup version 0.17-a0-1404-gb8113a6 (webtiles) character file.

91 urechis the Poker (level 4, -4/33 HPs)
             Began as a Merfolk Gladiator on June 21, 2015.
             Slain by urechis's ghost (12 damage)
             ... on level 3 of the Dungeon.
             The game lasted 00:03:04 (2057 turns).

urechis the Poker (Merfolk Gladiator)               Turns: 2057, Time: 00:03:04

Health: -4/33      AC:  4    Str: 15    XL:     4   Next: 57%
Magic:  4/4        EV:  8    Int:  7    God:
Gold:   48         SH:  0    Dex: 15    Spells: 0 memorised, 3 levels left

rFire  . . .     SeeInvis .     f - +0 spear
rCold  . . .     Clarity  .     b - +0 leather armour
rNeg   . . .     SustAt   .     (no shield)
rPois  .         Gourm    .     c - +0 helmet
rElec  .         Spirit   .     (no cloak)
rCorr  .         Warding  .     (no gloves)
rMut   .         Stasis   .     (no boots)
MR     .....                    (no amulet)
Stlth  +.........               (no ring)
                                (no ring)

@: not resistant to hostile enchantments, very unstealthy
A: change form in water, swift swim
a: no special abilities


You were on level 3 of the Dungeon.
You were near starving.

You visited 1 branch of the dungeon, and saw 3 of its levels.

You collected 48 gold pieces.

Inventory:

Hand weapons
 a - a +0 trident
 f - a +0 spear (weapon)
Missiles
 e - 3 throwing nets (quivered)
Armour
 b - a +0 leather armour (worn)
 c - a +0 helmet (worn)
Scrolls
 i - a scroll of remove curse {unknown}
 n - 3 scrolls of recharging {unknown}
 o - a scroll of identify {unknown}
 p - 3 scrolls of magic mapping {unknown}
 s - a scroll of immolation {unknown}
 t - a scroll of amnesia {unknown}
Potions
 h - 3 potions of curing {unknown}
 j - a potion of might {unknown}
 k - a potion of brilliance {unknown}
 l - a potion of haste {unknown}
 m - a potion of lignification {unknown}
 r - a potion of agility {unknown}
Comestibles
 d - a bread ration
 g - 3 meat rations
 q - 4 fruits


   Skills:
 - Level 2.1 Fighting
 + Level 7.5 Polearms
 - Level 2.0 Throwing
 - Level 4.0 Dodging


You had 3 spell levels left.
You didn't know any spells.

Dungeon Overview and Level Annotations

Branches:
Dungeon (3/15)

Altars:
Elyvilon
Fedhas

Annotations:
D:3 urechis's ghost, average MfGl


Message History

You are too injured to fight recklessly!
You are too injured to fight recklessly!
You are too injured to fight recklessly!
You are too injured to fight recklessly!
You are too injured to fight recklessly!
You are too injured to fight recklessly!
You are too injured to fight recklessly!
You are too injured to fight recklessly!
You are too injured to fight recklessly!
You are too injured to fight recklessly!
You are too injured to fight recklessly!
You are too injured to fight recklessly!
You are too injured to fight recklessly!
You are too injured to fight recklessly!
You are too injured to fight recklessly!
You are too injured to fight recklessly!
You are too injured to fight recklessly!
You are too injured to fight recklessly!
Urechis's ghost hits you!
You die...

## (# #.
##W##
#..@#
#.....#
#.......#
##.....##
##.....
##.####
##


You could see urechis's ghost.

Vanquished Creatures
  Ijyb (D:2)
  An adder (D:2)
  2 oozes (D:2)
  2 worms (D:2)
  2 giant cockroaches (D:1)
  6 goblins
  5 hobgoblins (D:1)
  3 jackals (D:2)
  A quokka (D:2)
  5 bats
  3 giant newts
  4 kobolds
  6 rats
41 creatures vanquished.

Notes
Turn   | Place    | Note
--------------------------------------------------------------
     0 | D:1      | urechis the Merfolk Gladiator began the quest for the Orb.
     0 | D:1      | Reached XP level 1. HP: 16/16 MP: 1/1
   176 | D:1      | Reached skill level 5 in Polearms
   184 | D:1      | Reached XP level 2. HP: 22/22 MP: 2/2
   726 | D:2      | Noticed Ijyb
   770 | D:2      | Killed Ijyb
   770 | D:2      | Reached skill level 6 in Polearms
   770 | D:2      | Reached XP level 3. HP: 9/27 MP: 3/3
  1169 | D:2      | Reached XP level 4. HP: 33/33 MP: 4/4
  1187 | D:2      | Reached skill level 7 in Polearms
  1226 | D:2      | Found a white marble altar of Elyvilon.
  1394 | D:2      | Found a blossoming altar of Fedhas.
  1761 | D:3      | Noticed urechis's ghost (average MfGl)
  2057 | D:3      | Slain by urechis's ghost

Vault maps used:
D:1:      dpeg_arrival_pond, roderic_serpentine_path
D:2:      nicolae_overflow_crystal_walls, kennysheep_decorative_pillar,
          elyvilon_altar_5, uniq_iyjb
D:3:      lemuel_zombie_altar_kikubaaqudgha, first_bread

Action                   |  1- 3 |  4- 6 || total
-------------------------+-------+-------++-------
Melee: Spear             |   161 |    97 ||   258
       Trident           |     5 |       ||     5
 Stab: Sleeping          |       |     3 ||     3
  Eat: Chunk             |     1 |     1 ||     2
